 Dungeon Crawl Stone Soup version 0.17-a0-2014-g32cd421 (webtiles) character file.

28 Goblin1989 the Insei (level 3, -4/23 HPs)
             Began as an Octopode Transmuter on Oct 10, 2015.
             Slain by a gnoll
             ... wielding a +0 halberd
              (12 damage)
             ... on level 2 of the Dungeon.
             The game lasted 00:03:43 (1602 turns).

Goblin1989 the Insei (Octopode Transmuter)          Turns: 1602, Time: 00:03:44

Health: -4/23      AC:  1    Str:  9    XL:     3   Next: 14%
Magic:  2/6        EV: 12    Int: 16    God:
Gold:   44         SH:  0    Dex: 12    Spells: 2 memorised, 3 levels left

rFire  . . .     SeeInvis .       - Unarmed
rCold  . . .     Clarity  .     (no shield)
rNeg   . . .     SustAt   .     (helmet restricted)
rPois  .         Gourm    .     g - amulet of stasis
rElec  .         Spirit   .     (no ring)
rCorr  .         Warding  .     (no ring)
rMut   .         Stasis   +     (no ring)
MR     .....                    (no ring)
Stlth  ++........               (no ring)
                                (no ring)
                                (no ring)
                                (no ring)

@: appendage, not resistant to hostile enchantments, unstealthy
A: almost no armour, amphibious, 8 rings, constrict 8, tentacle spike 3,
camouflage 1, gelatinous body 1
a: End Transformation


You were on level 2 of the Dungeon.
You were not hungry.
One of your tentacles had a temporary spike.
You visited 1 branch of the dungeon, and saw 2 of its levels.

You collected 44 gold pieces.

Inventory:

Missiles
 a - 42 arrows
Jewellery
 g - an amulet of stasis (around mantle)
Scrolls
 e - 3 scrolls of enchant armour {unknown}
 f - a scroll of enchant weapon {unknown}
 h - a scroll of teleportation {unknown}
 k - a scroll of identify {unknown}
Potions
 i - a potion of haste {unknown}
 j - a potion of cure mutation {unknown}
Books
 b - a book of Changes

   Spells                             Type                      Level
   a - Beastly Appendage              Transmutation                1
   b - Sticks to Snakes               Transmutation                2
   c - Spider Form                    Transmutation/Poison         3
   d - Ice Form                       Ice/Transmutation            4
   e - Blade Hands                    Transmutation                5
Comestibles
 c - 2 bread rations
 d - a meat ration


   Skills:
 - Level 1.0 Fighting
 - Level 2.0 Dodging
 + Level 4.2 Unarmed Combat
 - Level 2.0 Spellcasting
 - Level 2.0 Transmutations


You had 3 spell levels left.
You knew the following spells:

 Your Spells              Type           Power        Failure   Level  Hunger
a - Beastly Appendage     Trmt           #.....       10%         1    #......
b - Sticks to Snakes      Trmt           #.........   14%         2    ###....


Dungeon Overview and Level Annotations

Branches:
Dungeon (2/15)

Altars:
Dithmenos


Innate Abilities, Weirdness & Mutations

You cannot wear most types of armour.
You are amphibious.
You can wear up to eight rings at the same time.
You can use your tentacles to constrict eight enemies at once.
Your skin changes colour to match your surroundings (Stealth).
Your rubbery body absorbs attacks (AC +1).
One of your tentacles bears a large vicious spike.


Message History

A gnoll comes into view. It is wielding a spear.
You tentacle-slap the gnoll but do no damage.
The gnoll is severely wounded.
You constrict the gnoll, but do no damage.
The gnoll closely misses you.
Your ball python bites the gnoll but does no damage.
The gnoll hits you with a spear!
A worm comes into view.
You release your grip on the gnoll.
The gnoll barely misses you.
Your ball python closely misses the gnoll. x2
The gnoll hits you from afar with a spear.
A worm comes into view.
You tentacle-slap the gnoll. You grab the gnoll.
The gnoll is moderately wounded.
You constrict the gnoll, but do no damage.
Your ball python closely misses the gnoll.
Your ball python grabs the gnoll.
Your ball python constricts the gnoll.
The gnoll hits you with a halberd!
Ouch! That really hurt!
You die...

#....# ##...........
#....###..#..#...##)
#######.....###.....
###### #.##..###..##.
.....###.###..#..###.
#######......##.....##..
w....ggS#...............
..##S...##.........##
#@..####.)._...##
.....lg....##.........#
.....##.................
w>.. ...#....##.....##..
... ........###..#..# #.
.........##.##..###..# .
. .....<. #.....# #....
.......# ##.... ..### ..


You could see a worm, 2 gnolls, a giant newt and 2 friendly ball pythons.

Vanquished Creatures
  An ooze (D:1)
  2 bats (D:1)
  2 giant cockroaches (D:1)
  3 goblins
  3 hobgoblins (D:1)
  4 kobolds
  A quokka (D:2)
  A ball python (D:1)
  A giant newt (D:1)
  5 rats (D:1)
23 creatures vanquished.

Notes
Turn   | Place    | Note
--------------------------------------------------------------
     0 | D:1      | Goblin1989 the Octopode Transmuter began the quest for the Orb.
     0 | D:1      | Reached XP level 1. HP: 13/13 MP: 3/3
   582 | D:1      | Reached XP level 2. HP: 16/18 MP: 5/5
   974 | D:1      | Reached skill level 4 in Unarmed Combat
  1234 | D:1      | Reached XP level 3. HP: 21/23 MP: 6/6
  1327 | D:2      | Found a shadowy altar of Dithmenos.
  1401 | D:2      | Learned a level 2 spell: Sticks to Snakes
  1602 | D:2      | Slain by a gnoll

Vault maps used:
D:1:      lightli_arrival_chessboard
D:2:      nicolae_dithmenos_shadow_blocks, uniq_crazy_yiuf_cottage

Action                   || total
-------------------------++-------
Melee: Unarmed           ||    61
 Cast: Sticks to Snakes  ||     2
       Beastly Appendage ||     2
 Stab: Sleeping          ||     4
  Eat: Chunk             ||     2
